 Dungeon Crawl Stone Soup version 0.28-b1-1-g3c77fb2ed1 (webtiles) character file.

Game seed: 17669408981242574376

33730 KamiKatze the Severer (level 13, -7/169 (174) HPs)
             Began as a Minotaur Berserker on Jan 30, 2022.
             Was an Elder of Trog.
             Mangled by a shadow wraith (11 damage)
             ... on level 2 of the Abyss.
             The game lasted 01:08:29 (16590 turns).

KamiKatze the Severer (Minotaur Berserker)         Turns: 16590, Time: 01:08:30

HP:   -7/169 (174)  AC: 26    Str: 25    XL:     13   Next: 38%
MP:   4/4           EV:  2    Int:  4    God:    Trog [****..]
Gold: 1583          SH:  0    Dex: 12    Spells: 12/12 levels left

rFire   . . .      SeeInvis .   a - +0 broad axe (antimagic)
rCold   . . .      Faith    .   (no shield)
rNeg    . . .      Spirit   .   (armour currently unavailable)
rPois   +          Reflect  .   (helmet currently unavailable)
rElec   .          Harm     .   (cloak currently unavailable)
rCorr   +          Rampage  .   (gloves currently unavailable)
Will    ++...      NoTele   +   (boots currently unavailable)
Stlth   +.........              (no amulet)
HPRegen 1.38/turn               (no ring)
MPRegen 0.09/turn               B - ring of Ecunkum {rPois rCorr}

@: mighty, tree-form, strong-willed, regenerating, slowed, studying Dodging,
lightly drained, invisible (expiring), very slow
A: stationary, stasis, torment immunity, boosted hp, (horns 2), (retaliatory
headbutt)
a: Renounce Religion, Berserk, Trog's Hand, Brothers in Arms


You were on level 2 of the Abyss.
You worshipped Trog.
Trog was greatly pleased with you.
You were a tree.
You visited 3 branches of the dungeon, and saw 14 of its levels.
You visited the Abyss 1 time.
You also visited: Gauntlet.

You collected 1621 gold pieces.
You spent 38 gold pieces at shops.

Inventory:

Hand Weapons
 a - a +0 antimagic broad axe (weapon)
 w - a +1 war axe of flaming
 E - a +2 vorpal executioner's axe
 N - a +0 battleaxe
Missiles
 e - a curare-tipped dart
 h - 86 stones (quivered)
 m - 2 atropa-tipped darts
 v - 25 poisoned darts
Armour
 g - the +0 cloak of Atheism (melded) {rC+ Int+3}
   (You found it in a Gauntlet)

   Int:       It affects your intelligence (+3).
   rC:        It protects you from cold.
 q - a scarf of invisibility
 y - a +0 pair of gloves (melded)
 D - a +3 plate armour of cold resistance (melded)
 K - a +1 pair of boots (melded)
 L - a +1 hat of willpower (melded)
Jewellery
 k - a ring of ice
 p - a ring of fire
 B - the ring of Ecunkum (right branch) {rPois rCorr}
   (You found it on level 10 of the Dungeon)

   [ring of resist corrosion]

   rPois:     It protects you from poison.
   rCorr:     It protects you from acid and corrosion.
 I - a ring of magical power
Wands
 c - a wand of charming (4)
 o - a wand of iceblast (7)
 x - a wand of paralysis (22)
 z - a wand of mindburst (8)
 M - a wand of flame (13)
 P - a wand of digging (7)
Scrolls
 f - 2 scrolls of summoning
 i - 2 scrolls of silence
 j - 9 scrolls of teleportation
 l - a scroll of magic mapping
 n - a scroll of immolation
 H - a scroll of brand weapon
 J - a scroll of acquirement
Potions
 d - 2 potions of attraction
 r - 4 potions of mutation
 s - 4 potions of might
 t - a potion of magic
 u - a potion of resistance
 A - 2 potions of invisibility
Miscellaneous
 C - a phantom mirror
 O - a phial of floods


   Skills:
 + Level 11.5 Fighting
 * Level 17.7 Axes
 + Level 11.2 Armour
 + Level 10.1 Dodging
 + Level 8.1 Evocations


You had 12 spell levels left.
You didn't know any spells.
Your spell library was empty.

Dungeon Overview and Level Annotations

Branches:
Dungeon (11/15)            Temple (1/1) D:5            Lair (2/6) D:11
  Swamp (0/4) Lair:2       Spider (0/4) Lair:2      Gauntlet (visited)
    Orc: D:9-12

Altars:
Ashenzari
Cheibriados
Dithmenos
Elyvilon
Fedhas
Gozag
Hepliaklqana
Kikubaaqudgha
Makhleb
Nemelex Xobeh
Okawaru
Qazlal
Ru
Sif Muna
Trog
Uskayaw
Vehumet
Wu Jian
Xom
Yredelemnul
Zin
The Shining One

Shops:
D:5 *   D:6 **

Annotations:
D:8 3 runed translucent doors, exclusion: 3 doors, Exporg's ghost, novice FoFi; viiviliisa's ghost, novice DrCj
Lair:2 Sonja


Innate Abilities, Weirdness & Mutations

You are a tree.
Your roots penetrate the ground, keeping you stationary.
You cannot be teleported.
You are immune to unholy pain and torment.
Your maximum health is greatly increased.
Your equipment is partially melded.
((You have a pair of horns on your head.))
((You reflexively headbutt those who attack you in melee.))


Message History

* * * LOW HITPOINT WARNING * * *
Something drains your vigour!
You feel as though you will be slow longer.
Unknown command.
Okay, then.
Okay, then.
Okay, then.
Okay, then.
Really quaff the potion of lignification?
You turn into a tree.
The +0 cloak of Atheism {rC+ Int+3} melds into your body.
Your +1 hat of willpower melds into your body.
Your +0 pair of gloves melds into your body.
Your +1 pair of boots melds into your body.
Your +3 plate armour of cold resistance melds into your body.
You feel less strong-willed.
You feel less resistant to cold.
Your roots penetrate the ground.
Something hits you but does no damage.
You cannot move.
You cannot move.
You cannot move.
You cannot move.
You closely miss something. Something hits you but does no damage.
You slash something! Something hits you but does no damage.
You barely miss something. Your punch misses something.
You flicker for a moment.
Something hits you.
* * * LOW HITPOINT WARNING * * *
Something drains your vigour!
You feel as though you will be slow longer.
Unknown command.
You slice something!! Something hits you but does no damage.
You hit something. Something hits you but does no damage.
You completely miss something. Something hits you.
* * * LOW HITPOINT WARNING * * *
You miss something. You punch something. Something hits you.
* * * LOW HITPOINT WARNING * * *
Something hits you but does no damage.
You feel very mighty all of a sudden. Something hits you!
You die...

#.. #.. ...
### .. #. #
..##. #..#
.##.#
...#...
......#{..#
.......♣#
#......##
.#.#.#. #
#. .# #


There were no monsters in sight!

Vanquished Creatures
  Gastronok (D:8)
  A stone giant (D:11)
  A minotaur (Gauntlet)
  A jiangshi (Abyss:2)
  A great orb of eyes (Gauntlet)
  4 hydras
  2 centaur warriors (D:10)
  4 two-headed ogres (D:11)
  2 death scarabs (Gauntlet)
  A tengu warrior (D:10)
  Nergalle (D:11)
  A spectral hydra (Gauntlet)
  An orc knight (D:10)
  2 deep elf pyromancers
  3 ugly things
  3 manticores
  A cyclops (D:10)
  A black mamba (Lair:1)
  A gargoyle (D:11)
  2 cane toads (Lair:1)
  A large abomination (Abyss:2)
  A freezing wraith (D:10)
  4 komodo dragons
  A kobold demonologist (D:10)
  2 trolls
  A hornet (D:8)
  A queen bee (shapeshifter) (D:9)
  2 meliai zombies (D:11)
  3 blink frogs (Lair:1)
  A spectral dream sheep (Gauntlet)
  A spectral black mamba (Gauntlet)
  4 shadows
  A wraith (D:9)
  A ynoxinul (Abyss:2)
  2 wyverns (D:11)
  2 basilisks
  34 yaks
  Grum (D:10)
  A steam dragon (D:8)
  5 vampire mosquitoes (D:10)
  3 acid dragons
  3 water moccasins
  6 orc warriors
  3 ice beasts
  2 sky beasts
  A black bear (D:7)
  6 centaurs
  2 wolves (D:10)
  An ogre (D:5)
  2 kobold brigands
  4 small abominations (Gauntlet)
  5 bullfrogs
  3 gnoll sergeants
  6 scorpions
  A water moccasin skeleton (D:6)
  4 bullfrog zombies
  8 centaur zombies
  3 hounds
  5 orc priests
  2 jellies
  3 bullfrog skeletons (D:5)
  A centaur skeleton (D:7)
  An iguana (D:5)
  An iron imp (Abyss:2)
  18 orc wizards
  A killer bee zombie (D:6)
  A hound skeleton (D:5)
  A howler monkey zombie (D:5)
  11 gnolls
  13 adders
  An ufetubus (D:5)
  2 worms
  4 dart slugs
  22 orcs
  4 ball pythons
  3 endoplasms
  A giant cockroach (D:1)
  5 goblins
  7 hobgoblins
  6 jackals
  20 kobolds
  3 quokkas
  16 bats
  4 frilled lizards
  A quokka skeleton (D:4)
  8 rats
331 creatures vanquished.

Vanquished Creatures (others)
  7 fungi
  4 plants
  8 withered plants
19 creatures vanquished.

Grand Total: 350 creatures vanquished

Notes
Turn   | Place    | Note
-------+----------+-------------------------------------------
     0 | D:1      | KamiKatze the Minotaur Berserker began the quest for the
                  | Orb.
     0 | D:1      | Reached XP level 1. HP: 19/19 MP: 0/0
   226 | D:1      | Reached skill level 4 in Axes
   226 | D:1      | Reached XP level 2. HP: 22/27 MP: 1/1
   721 | D:1      | Reached XP level 3. HP: 33/33 MP: 2/2
   734 | D:1      | Reached ** piety under Trog
  1131 | D:2      | Found a faded altar of an unknown god.
  2058 | D:3      | Reached skill level 5 in Axes
  2120 | D:3      | Reached XP level 4. HP: 37/40 MP: 3/3
  2607 | D:4      | Reached *** piety under Trog
  2608 | D:4      | Reached skill level 6 in Axes
  2608 | D:4      | Reached XP level 5. HP: 39/46 MP: 4/4
  2828 | D:4      | Noticed a sky beast
  2845 | D:4      | Killed a sky beast
  2846 | D:4      | Reached skill level 7 in Axes
  2846 | D:4      | Reached XP level 6. HP: 52/52 MP: 5/5
  3524 | D:5      | Entered Level 5 of the Dungeon
  3545 | D:5      | Reached skill level 8 in Axes
  3551 | D:5      | Found Evvinkig's Overcharged Wands.
  3892 | D:5      | Reached skill level 9 in Axes
  3892 | D:5      | Reached XP level 7. HP: 58/59 MP: 6/6
  3949 | D:5      | Found a staircase to the Ecumenical Temple.
  3987 | Temple   | Entered the Ecumenical Temple
  4170 | D:5      | Reached skill level 10 in Axes
  4525 | D:5      | Reached skill level 1 in Evocations
  4549 | D:5      | Reached **** piety under Trog
  4563 | D:5      | Reached XP level 8. HP: 64/67 MP: 7/7
  4587 | D:5      | Found the +7 Singing Sword {vorpal, sonic wave}
  4839 | D:6      | Reached skill level 5 in Fighting
  4902 | D:6      | Reached skill level 11 in Axes
  5116 | D:6      | Found Egodik's General Store.
  5118 | D:6      | Found Woyfu's Specific Store.
  5126 | D:6      | Bought a scroll of magic mapping for 38 gold pieces
  5693 | D:7      | Found a basalt altar of Yredelemnul.
  5763 | D:7      | Reached skill level 5 in Armour
  5802 | D:7      | Reached XP level 9. HP: 21/75 MP: 8/8
  6518 | D:8      | Identified the +6 long sword "Axuhid" {flame, rC- Str+4}
  6527 | D:8      | Noticed Gastronok
  6583 | D:8      | Killed Gastronok
  6584 | D:8      | Reached skill level 12 in Axes
  6584 | D:8      | Reached skill level 5 in Dodging
  6658 | D:8      | Found a runed translucent gate.
  6658 | D:8      | Found a runed translucent gate.
  6658 | D:8      | Found a runed translucent gate.
  6868 | D:8      | Noticed a four-headed hydra
  6888 | D:7      | Killed a one-headed hydra
  6889 | D:7      | Reached XP level 10. HP: 82/86 MP: 9/9
  7012 | D:8      | Paralysed by a hornet for 3 turns
  7020 | D:8      | Reached skill level 13 in Axes
  8163 | D:8      | Noticed viiviliisa's ghost (novice DrCj)
  8163 | D:8      | Noticed Exporg's ghost (novice FoFi)
  8798 | D:9      | Reached skill level 5 in Evocations
  8857 | D:9      | Reached skill level 14 in Axes
  8953 | D:9      | Reached XP level 11. HP: 53/95 MP: 10/10
  9038 | D:9      | Identified a scroll of acquirement
  9261 | D:9      | Reached ***** piety under Trog
  9572 | D:10     | Entered Level 10 of the Dungeon
  9676 | D:10     | Noticed a five-headed hydra
  9676 | D:10     | Noticed a deep elf pyromancer
  9676 | D:10     | Noticed an orc knight
  9721 | D:10     | Killed an orc knight
  9730 | D:9      | HP: 2/95 [salamander (shapeshifter) (10)]
 10032 | D:10     | Noticed Grum
 10037 | D:10     | Killed Grum
 10324 | D:10     | Killed a one-headed hydra
 10675 | D:10     | Noticed a centaur warrior
 10687 | D:10     | Killed a centaur warrior
 10688 | D:10     | Reached skill level 15 in Axes
 11038 | D:10     | Killed a deep elf pyromancer
 11183 | D:10     | Identified the ring of Ecunkum {rPois rCorr}
 11586 | D:11     | Noticed a brown ugly thing
 11592 | D:10     | Killed a brown ugly thing
 11650 | D:10     | Noticed a seven-headed hydra
 11660 | D:10     | Killed a three-headed hydra
 11873 | D:11     | Noticed Nergalle
 11894 | D:11     | Killed Nergalle
 11895 | D:11     | Reached XP level 12. HP: 62/104 MP: 11/11
 12166 | D:11     | Noticed a two-headed ogre
 12193 | D:11     | Killed a two-headed ogre
 12194 | D:11     | Reached skill level 10 in Fighting
 12240 | D:11     | Noticed a tengu warrior
 12240 | D:11     | Noticed a centaur warrior
 12368 | D:10     | Killed a tengu warrior
 12369 | D:10     | Reached skill level 16 in Axes
 12629 | D:10     | Killed a centaur warrior
 13048 | D:11     | Noticed a stone giant
 13061 | D:11     | Killed a stone giant
 13473 | D:11     | Reached skill level 10 in Armour
 13626 | D:11     | Noticed a two-headed ogre
 13626 | D:11     | Noticed a two-headed ogre
 13648 | D:11     | Killed a two-headed ogre
 13653 | D:11     | Killed a two-headed ogre
 13689 | D:10     | HP: 4/108 [something (16)]
 14146 | D:11     | Noticed a two-headed ogre
 14165 | D:11     | Killed a two-headed ogre
 14372 | D:11     | Found a staircase to the Lair.
 14444 | Lair:1   | Entered Level 1 of the Lair of Beasts
 14564 | Lair:1   | Reached skill level 17 in Axes
 14642 | Lair:1   | Found a gate leading to a gauntlet.
 14649 | Gauntlet | Entered a Gauntlet
 14649 | Gauntlet | Found a transporter.
 14649 | Gauntlet | Found a transporter.
 14651 | Gauntlet | Noticed a catoblepas
 14661 | Gauntlet | Found a transporter.
 14702 | Gauntlet | Found a transporter.
 14705 | Gauntlet | Found a transporter.
 14734 | Gauntlet | Noticed a great orb of eyes
 14741 | Gauntlet | Found a transporter.
 14742 | Gauntlet | Found a transporter.
 14742 | Gauntlet | Found a transporter.
 14744 | Gauntlet | Noticed a death scarab
 14745 | Gauntlet | Noticed a death scarab
 14746 | Gauntlet | Found a runed translucent door.
 14758 | Gauntlet | Found a transporter.
 14776 | Gauntlet | Found a transporter.
 14778 | Gauntlet | Found a runed translucent door.
 14797 | Gauntlet | Found a runed translucent door.
 14801 | Gauntlet | Found a transporter.
 14807 | Gauntlet | Found a transporter.
 14908 | Gauntlet | Found a transporter.
 14939 | Gauntlet | Found a transporter.
 15080 | Gauntlet | Killed a great orb of eyes
 15081 | Gauntlet | Reached XP level 13. HP: 101/116 MP: 12/12
 15086 | Gauntlet | Received a gift from Trog
 15192 | Gauntlet | Identified the +0 cloak of Atheism {rC+ Int+3}
 15261 | Gauntlet | Noticed a minotaur
 15275 | Gauntlet | Killed a minotaur
 15831 | Lair:1   | Reached skill level 10 in Dodging
 16166 | Lair:1   | Acquired a +2 vorpal executioner's axe
 16168 | Lair:1   | Acquired 831 gold pieces
 16170 | Lair:1   | Acquired a manual of Dodging
 16248 | Lair:2   | Noticed Sonja
 16248 | Lair:2   | Cast into level 2 of the Abyss (Sonja)
 16251 | Abyss:2  | Found a corrupted altar of Lugonu.
 16371 | Abyss:2  | Noticed a jiangshi
 16382 | Abyss:2  | Killed a jiangshi
 16532 | Abyss:2  | Noticed a jiangshi
 16533 | Abyss:2  | Noticed a profane servitor
 16537 | Abyss:2  | Noticed a jiangshi
 16549 | Abyss:2  | HP: 5/113 [wretched star/lance of force (10)]
 16581 | Abyss:2  | HP: 2/113 [something (15)]
 16588 | Abyss:2  | HP: 7/169 [something (2)]
 16589 | Abyss:2  | HP: 2/169 [something (6)]
 16590 | Abyss:2  | Mangled by a shadow wraith

Illustrated notes

Levels and vault maps discovered:
D:1:      arrival_zaba_pyramid, layout_basic, minmay_misc_feat_secret_circle,
          minmay_heptomino_h4
D:2:      wander_river, layout_basic, ebering_ecumenical_altar_petrified
D:3:      layout_loops_corners
D:4:      layout_cave_pods, minmay_circle_x
D:5:      old_forge, layout_rooms, minmay_temple_entry_drinking_statues,
          nicolae_shop_overcharged_wands
D:6:      minmay_chambers_of_fours, layout_gridville, nicolae_specific_store,
          minmay_splitting_lines, minmay_misc_feat_more_columns, uniq_sigmund
D:7:      layout_basic, nicolae_overflow_hidden_temple, amcnicky_mini_pool_small
D:8:      minmay_s_stair_smasher, layout_rooms, gammafunk_ghost_cemetery,
          uniq_gastronok
D:9:      layout_basic
D:10:     layout_loops_ring, nicolae_benzene_ring, minivault_28, uniq_grum
D:11:     minmay_shrinking_squares, layout_rooms, erik_lair_dragon,
          kennysheep_kite_vault, uniq_nergalle
Temple:   dpeg_three_leaves_temple
Lair:1:   layout_concentric_octagons, gauntlet_entry_generic
Lair:2:   layout_chaotic_city, swamp_mist, spider_nest_entry_rubble,
          nicolae_volcano_entry_lava_flow, st_stairs_9, uniq_sonja
Abyss:2:  base:
D:10

Skill      XL: |  1  2  3  4  5  6  7  8  9 10 11 12 13 |
---------------+----------------------------------------+-----
Axes           | 4 5 6 7 9 10 11 12 14 15 17 | 17.7
Armour         | 3 5 6 7 9 10 11 | 11.2
Fighting       | 4 5 7 8 9 11 | 11.5
Dodging        | 3 4 5 7 8 9 10 | 10.1
Evocations     | 1 2 4 5 6 7 8 |  8.1

Action                   |  1- 3 |  4- 6 |  7- 9 | 10-12 | 13-15 || total
-------------------------+-------+-------+-------+-------+-------++-------
Melee: Hand axe          |   118 |   116 |    29 |       |       ||   263
       Headbutt          |     8 |    16 |    40 |   115 |    28 ||   207
       Punch             |     1 |     3 |     4 |     7 |     3 ||    18
       War axe           |       |       |   187 |   513 |    27 ||   727
       Broad axe         |       |       |       |       |   116 ||   116
Throw: Stone             |       |     5 |     2 |     5 |       ||    12
Invok: Berserk           |       |     3 |     5 |    12 |     1 ||    21
       Trog's Hand       |       |       |     3 |     7 |     4 ||    14
       Brothers in Arms  |       |       |     1 |       |     1 ||     2
Evoke: Wand              |       |       |       |     1 |       ||     1
  Use: Scroll            |       |       |     8 |    18 |     6 ||    32
       Potion            |       |       |       |     5 |     3 ||     8
 Stab: Distracted        |       |       |     1 |       |       ||     1
       Paralysed         |       |       |       |     2 |       ||     2
Armor: Ring mail         |    62 |    42 |   120 |    19 |       ||   243
       Animal skin       |     1 |       |       |       |       ||     1
       Chain mail        |       |       |       |    87 |       ||    87
       Acid dragon scale |       |       |       |    68 |       ||    68
       Plate armour      |       |       |       |    81 |   104 ||   185
       Skin              |       |       |       |       |     6 ||     6
Dodge: Dodged            |    89 |    73 |   114 |   244 |    70 ||   590
